 Dungeon Crawl Stone Soup version 0.25-a0-67-g7dccc1bee0 (webtiles) character file.

Game seed: 4133713728876497040, levelgen mode: deterministic

5142 iamserjio the Nimble (level 10, -2/73 HPs)
             Began as an Octopode Arcane Marksman on Nov 1, 2019.
             Was a Priest of Okawaru.
             Slain by a basilisk (17 damage)
             ... on level 8 of the Dungeon.
             The game lasted 00:15:25 (11169 turns).

iamserjio the Nimble (Octopode Arcane Marksman)    Turns: 11169, Time: 00:15:26

Health: -2/73      AC:  8    Str: 11    XL:     10   Next: 58%
Magic:  21/22      EV: 23    Int: 15    God:    Okawaru [***...]
Gold:   475        SH:  0    Dex: 15    Spells: 1/12 levels left

rFire    . . .     SeeInvis .   C - +1 flail (protect)
rCold    . . .     Gourm    .   (no shield)
rNeg     . . .     Faith    .   (helmet restricted)
rPois    .         Spirit   .   (no amulet)
rElec    .         Reflect  .   y - ring of wizardry
rCorr    .         Harm     .   k - ring of magical power
MR       .....                  (no ring)
Stlth    ++++......             (no ring)
HPRegen  0.22/turn              (no ring)
MPRegen  0.18/turn              (no ring)
                                (no ring)
                                (no ring)

@: heroism, protection aura
A: almost no armour, stealthy swim, amphibious, 8 rings, constrict 8, camouflage
1, gelatinous body 1
a: Heroism, Renounce Religion


You were on level 8 of the Dungeon.
You worshipped Okawaru.
Okawaru was most pleased with you.
You were hungry.

You visited 1 branch of the dungeon, and saw 8 of its levels.
You also visited: Sewer.

You collected 475 gold pieces.

Inventory:

Hand Weapons
 f - a +1 whip of electrocution
 C - a +1 flail of protection (weapon)
 I - a +2 flail of draining
 K - a +0 lajatang
 M - a +4 quarterstaff of chaos
 N - the +6 mace "Guudimal" {freeze, Str+5 Int+6, unknown}
   (You found it on level 8 of the Dungeon)

   It has been specially enchanted to freeze those struck by it, causing extra
   injury to most foes and up to half again as much damage against particularly
   susceptible opponents.
   It can also slow down cold-blooded creatures.
   It affects your strength (+5).
   It affects your intelligence (+6).
Missiles
 c - 2 throwing nets {!f}
 p - 4 javelins
 u - 5 boomerangs (quivered)
 x - 13 poisoned darts
 H - 4 boomerangs of dispersal
Jewellery
 k - a ring of magical power (right tentacle)
 t - an uncursed ring of ice
 y - a ring of wizardry (left tentacle)
Wands
 v - a wand of clouds (5)
 z - a wand of flame (11)
Scrolls
 a - a scroll of remove curse {@r2}
 b - a scroll of amnesia
 r - 3 scrolls of teleportation {@r3}
 w - a scroll of magic mapping
 A - a scroll of fog {unknown}
 B - a scroll of random uselessness {unknown}
 E - a scroll of identify {@r1}
 J - 2 scrolls of immolation
 L - a scroll of blinking {unknown}
 O - a scroll of enchant armour {unknown}
Potions
 e - a potion of agility
 g - a potion of magic
 i - 2 potions of lignification {unknown}
 j - a potion of flight
 l - 3 potions of haste
 m - a potion of heal wounds
 n - a potion of curing {@q1}
 o - a potion of berserk rage
 q - 3 potions of might {unknown}
 s - 2 potions of brilliance {unknown}
 D - a potion of cancellation {unknown}
 F - 2 potions of invisibility {unknown}
 G - a potion of degeneration {unknown}
Comestibles
 d - 15 rations
 h - 5 chunks of flesh


   Skills:
 - Level 8.9(13.9) Fighting
 + Level 6.7(11.7) Throwing
 * Level 9.4(14.4) Dodging
 + Level 1.8 Spellcasting
 - Level 3.0 Hexes
 * Level 2.1 Summonings
 + Level 1.3 Air Magic
 - Level 4.0 Invocations
 - Level 2.0 Evocations


You had one spell level left.
You knew the following spells:

 Your Spells              Type           Power        Failure   Level  Hunger
a - Corona                Hex            ##.....      2%          1    ##.....
b - Slow                  Hex            ##......     4%          2    ###....
c - Cause Fear            Hex            ##........   26%         4    #####..
d - Summon Lightning Spi  Summ/Air       #.......     38%         4    #####..

Your spell library contained the following spells:

 Spells                   Type           Power        Failure   Level  Hunger
 Summon Small Mammal      Summ           #...         4%          1    ##.....
 Call Imp                 Summ           #.......     6%          2    ###....
 Summon Guardian Golem    Hex/Summ       #.......     10%         3    ####...
 Call Canine Familiar     Summ           #.......     12%         3    ####...
 Inner Flame              Hex/Fire       #.......     16%         3    ####...
 Portal Projectile        Hex/Tloc       #.....       16%         3    ####...
 Leda's Liquefaction      Hex/Erth       #.........   43%         4    #####..
 Summon Ice Beast         Ice/Summ       #.......     47%         4    #####..
 Silence                  Hex/Air        #.........   67%         5    ######.
 Yara's Violent Unravell  Hex/Tmut       #.........   77%         5    ######.
 Deflect Missiles         Chrm/Air       #.........   100%        6    #######
 Discord                  Hex            ##........   100%        8    #######


Dungeon Overview and Level Annotations

Branches:
Dungeon (8/15)             Temple (0/1) D:6            Lair (0/6) D:8
  Sewer (visited)

Altars:
Elyvilon
Gozag
Nemelex Xobeh
Okawaru
Trog
Vehumet


Innate Abilities, Weirdness & Mutations

You cannot wear most types of armour.
You are very stealthy in the water. (Stealth+)
You are amphibious.
You can wear up to eight rings at the same time.
You can use your tentacles to constrict eight enemies at once.
Your skin changes colour to match your surroundings (Stealth+).
Your rubbery body absorbs attacks. (AC +1, EV +1)


Message History

The hippogriff barely misses you.
You closely miss the hippogriff.
The hippogriff bites you but does no damage.
The hippogriff completely misses you.
The hippogriff claws you but does no damage.
You thump the hippogriff! The hippogriff misses you. The hippogriff pecks you.
* * * LOW HITPOINT WARNING * * *
The hippogriff claws you but does no damage.
The hippogriff barely misses you. The hippogriff pecks you.
* * * LOW HITPOINT WARNING * * *
The hippogriff misses you.
You sock the hippogriff!
You kill the hippogriff!
Okawaru accepts your kill.
Your Summonings skill increases to level 2!
You sock the basilisk! Your grab misses the basilisk. You squeeze the basilisk.
The basilisk closely misses you.
You barely miss the basilisk. Your grab misses the basilisk.
The basilisk bites you!
You die...

#......# #.##........ #......#
#..#.....(.. #......#
##.#........ ###......#########
#.......... .................#
##......... ............####.#
#..#####'# ............# #.# ##.#
#...# ........)...# #.# ###.....#
........[...# #@# #........
........)...####l#######........P
.....####...........H......./....
.....# #....................>H..
.....# #................P.......
.....+ #..............#......
.....# #..............##.....
..... #..............# ##...
...............# ..


You could see a basilisk.

Vanquished Creatures
  Pikel (D:4)
  An elephant (D:8)
  Prince Ribbit (D:7)
  A hippogriff (D:8)
  Sigmund (D:6)
  Eustachio (D:6)
  Menkaure (D:6)
  Edmund (D:6)
  2 ice beasts
  An orc warrior (D:8)
  A slave (D:3)
  2 phantoms (D:4)
  A necrophage (D:6)
  3 centaurs
  6 ogres
  A crocodile (D:8)
  Blork the orc (D:6)
  2 big kobolds
  8 bullfrogs
  A scorpion (D:7)
  A centaur zombie (D:7)
  A crimson imp (D:6)
  2 bullfrog zombies (D:5)
  4 hounds
  A centaur skeleton (D:4)
  Crazy Yiuf (D:6)
  7 orc priests
  2 jellies (D:6)
  7 orc wizards
  An iguana (D:5)
  7 worker ants
  A hound zombie (D:8)
  A worker ant zombie (D:5)
  4 gnolls (D:5)
  9 adders
  An ooze (D:4)
  An adder skeleton (D:5)
  A worm (D:3)
  2 dart slugs
  5 leopard geckos
  32 orcs
  5 ball pythons
  7 giant cockroaches
  13 goblins
  9 hobgoblins
  8 jackals
  4 quokkas
  14 bats
  13 frilled lizards
  37 kobolds
  7 rats
  A bush (D:3)
  5 plants
251 creatures vanquished.

Vanquished Creatures (others)
  3 slaves (D:4)
  A worker ant (D:4)
  A kobold (D:4)
5 creatures vanquished.

Grand Total: 256 creatures vanquished

Notes
Turn   | Place    | Note
-------+----------+-------------------------------------------
     0 | D:1      | iamserjio the Octopode Arcane Marksman began the quest for
                  | the Orb.
     0 | D:1      | Reached XP level 1. HP: 13/13 MP: 2/2
   284 | D:1      | Reached XP level 2. HP: 4/18 MP: 3/3
  1349 | D:2      | Reached XP level 3. HP: 24/24 MP: 4/4
  1358 | D:2      | Learned a level 2 spell: Slow
  1561 | D:2      | Noticed an ogre
  1561 | D:2      | Noticed a centaur
  1576 | D:2      | Killed an ogre
  1576 | D:2      | Reached skill level 3 in Dodging
  1576 | D:2      | Reached XP level 4. HP: 30/30 MP: 5/5
  1576 | D:2      | Reached XP level 5. HP: 36/36 MP: 6/6
  1735 | D:2      | Killed a centaur
  1735 | D:2      | Reached skill level 4 in Dodging
  1749 | D:2      | Found a faded altar of an unknown god.
  1951 | D:2      | Reached XP level 6. HP: 38/42 MP: 7/7
  2988 | D:3      | Found a sparkling altar of Nemelex Xobeh.
  3017 | D:3      | Found a radiant altar of Vehumet.
  3017 | D:3      | Found an iron altar of Okawaru.
  3026 | D:3      | Became a worshipper of Warmaster Okawaru
  3098 | D:3      | Found a glowing drain.
  3111 | Sewer    | Entered a sewer
  3345 | Sewer    | Reached XP level 7. HP: 49/49 MP: 8/8
  4455 | D:4      | Noticed Pikel
  4586 | D:4      | Killed Pikel
  4586 | D:4      | Reached * piety under Okawaru
  4586 | D:4      | Reached skill level 5 in Fighting
  4586 | D:4      | Reached skill level 6 in Dodging
  4586 | D:4      | Reached XP level 8. HP: 42/57 MP: 9/9
  4754 | D:4      | HP: 2/57 [phantom (9)]
  5668 | D:4      | Reached skill level 5 in Throwing
  6329 | D:5      | Entered Level 5 of the Dungeon
  6368 | D:5      | Reached skill level 7 in Dodging
  6729 | D:5      | Reached skill level 1 in Invocations
  6729 | D:5      | Reached XP level 9. HP: 37/63 MP: 10/10
  6943 | D:5      | Reached skill level 1 in Evocations
  7000 | D:5      | Reached ** piety under Okawaru
  7041 | D:5      | Found a sparkling altar of Nemelex Xobeh.
  8010 | D:6      | Noticed Eustachio
  8539 | D:7      | Noticed Prince Ribbit
  8553 | D:7      | Reached skill level 8 in Dodging
  8559 | D:7      | Killed Prince Ribbit
  8913 | D:6      | Noticed Menkaure
  8915 | D:6      | Killed Menkaure
  8940 | D:6      | Killed Eustachio
  8940 | D:6      | Reached *** piety under Okawaru
  9011 | D:6      | Reached XP level 10. HP: 35/72 MP: 12/12
  9235 | D:6      | Found a bloodstained altar of Trog.
  9255 | D:6      | Noticed Blork the orc
  9262 | D:6      | Killed Blork the orc
  9638 | D:6      | Noticed Edmund
  9639 | D:6      | Noticed Sigmund
  9660 | D:6      | Killed Sigmund
  9666 | D:6      | Killed Edmund
  9666 | D:6      | Received a gift from Okawaru
  9666 | D:6      | Reached skill level 9 in Dodging
  9883 | D:6      | Found a staircase to the Ecumenical Temple.
  9983 | D:6      | Found a runed translucent door.
  9984 | D:6      | Noticed Crazy Yiuf
 10211 | D:6      | Killed Crazy Yiuf
 10306 | D:6      | Learned a level 4 spell: Cause Fear
 10311 | D:6      | Learned a level 4 spell: Summon Lightning Spire
 10540 | D:8      | Found a staircase to the Lair.
 10540 | D:8      | Noticed an elephant
 10570 | D:8      | Killed an elephant
 10570 | D:8      | Reached skill level 1 in Summonings
 10582 | D:8      | HP: 3/73 [crocodile (11)]
 10584 | D:8      | Reached skill level 1 in Air Magic
 10926 | D:8      | Found an opulent altar of Gozag.
 10984 | D:8      | Found a white marble altar of Elyvilon.
 11046 | D:8      | Got a warped mace
 11169 | D:8      | Slain by a basilisk

Levels and vault maps discovered:
D:1:      dpeg_arrival_connections, layout_basic, serial_bayou,
          serial_bayou_pond_d, serial_bayou_pond_e, serial_bayou_lagoon_a,
          serial_bayou_ford_a
D:2:      cheibrodos_greedy_goblins, layout_basic, first_ration,
          chequers_ecumenical_altar_simple_redux, minmay_misc_feat_rows,
          minmay_vboxes
D:3:      layout_basic, gammafunk_temple_overflow_forgotten,
          portal_sewer_entry_d
D:4:      kennysheep_kobold_camp, layout_rooms, kennysheep_flooded_box,
          columned_hall_lemuel, uniq_pikel
D:5:      layout_gridville, minmay_ruined_shrine
D:6:      minmay_cornered_nines, layout_rooms, minmay_temple_entry_glassed_door,
          basic_altar, minmay_statues_item, uniq_crazy_yiuf_cottage,
          uniq_edmund, uniq_eustachio, uniq_blork_the_orc, uniq_menkaure,
          uniq_sigmund
D:7:      layout_gridville, uniq_prince_ribbit1
D:8:      layout_basic, grunt_temple_overflow_open,
          nicolae_overflow_hidden_temple, david_lair_generic

Skill      XL: |  1  2  3  4  5  6  7  8  9 10 |
---------------+-------------------------------+-----
Fighting       | 2 3 4 5 6 8 |  8.9
Dodging        | 3 4 6 7 8 9 |  9.4
Throwing       | 3 4 5 6 |  6.7
Invocations    | 1 3 4 |  4.0
Evocations     | 2 |  2.0
Summonings     | 2 |  2.1
Air Magic      | 1 |  1.3
Spellcasting   | |  1.8
Hexes          | |  3.0

Action                   |  1- 3 |  4- 6 |  7- 9 | 10-12 || total
-------------------------+-------+-------+-------+-------++-------
Melee: Unarmed           |    74 |       |       |       ||    74
       Constrict         |    28 |    28 |    76 |    26 ||   158
       Tentacles         |    13 |    25 |    70 |    34 ||   142
       Whip              |    40 |   130 |   364 |       ||   534
       Flail             |       |       |    15 |   156 ||   171
       Punch             |       |       |     3 |     4 ||     7
Throw: Throwing net      |     3 |       |       |       ||     3
       Javelin           |     3 |       |     5 |       ||     8
       Boomerang         |       |       |    10 |       ||    10
 Cast: Slow              |       |       |       |     1 ||     1
Invok: Heroism           |       |       |     4 |     6 ||    10
Evoke: Wand              |       |     1 |    15 |     1 ||    17
  Use: Scroll            |       |     7 |     7 |       ||    14
       Potion            |       |     1 |       |       ||     1
 Stab: Sleeping          |     8 |     6 |    12 |     2 ||    28
       Paralysed         |       |       |     4 |       ||     4
       Distracted        |       |       |     2 |     1 ||     3
  Eat: Chunk             |     2 |     6 |    15 |     3 ||    26
       Ration            |       |       |     1 |     1 ||     2
Armor: Skin              |    15 |     9 |    22 |    42 ||    88
Dodge: Dodged            |    61 |    84 |   333 |   214 ||   692

Table legend:
 A = Non-vault XP
 B = Vault XP
 C = Vault XP percentage of total XP
 D = Non-vault monster count
 E = Vault monster count
 F = Vault count percentage of total count
                 A         B        C        D         E       F
            +---------+---------+-------+---------+---------+-------
      Total |    4049 |    3297 |  44.9 |     171 |      73 |  29.9
            +---------+---------+-------+---------+---------+-------
        D:1 |      30 |       0 |   0.0 |      19 |       0 |   0.0
        D:2 |     288 |      23 |   7.4 |      28 |      13 |  31.7
        D:3 |     253 |      13 |   4.9 |      27 |       1 |   3.6
        D:4 |     612 |     790 |  56.3 |      17 |      21 |  55.3
        D:5 |     594 |     246 |  29.3 |      19 |       3 |  13.6
        D:6 |     947 |    1040 |  52.3 |      30 |       9 |  23.1
        D:7 |     836 |     268 |  24.3 |      17 |       1 |   5.6
        D:8 |     489 |     848 |  63.4 |      14 |       3 |  17.6
      Sewer |       0 |      69 | 100.0 |       0 |      22 | 100.0
            +---------+---------+-------+---------+---------+-------
